 Dungeon Crawl Stone Soup version 0.21-a0-58-g625dad4 (webtiles) character file.

1181 Manul the Cudgeler (level 8, -6/61 HPs)
             Began as a Mummy Fighter on June 16, 2017.
             Was an Initiate of Gozag.
             Mangled by a shadow (8 damage)
             ... created by the darkness of Dithmenos
             ... on level 6 of the Dungeon.
             The game lasted 00:06:24 (4604 turns).

Manul the Cudgeler (Mummy Fighter)                  Turns: 4604, Time: 00:06:25

Health: -6/61      AC: 12    Str: 20    XL:     8   Next: 19%
Magic:  8/8        EV:  9    Int:  7    God:    Gozag
Gold:   378        SH:  9    Dex: 13    Spells: 7/7 levels left

rFire    x . .     SeeInvis +   t - +5 mace
rCold    + . .     Gourm    .   c - +0 shield
rNeg     + + +     Faith    .   k - +3 ring mail
rPois    ∞         Spirit   .   h - +0 helmet
rElec    .         Reflect  .   g - +0 cloak
rCorr    .         Harm     .   d - +0 pair of gloves
MR       +....                  (no boots)
Stlth    +.........             (no amulet)
HPRegen  0.20/turn              s - ring of see invisible
MPRegen  0.11/turn              (no ring)

@: very slightly contaminated
A: no food or potions, fire vulnerability, cold resistance 1, negative energy
resistance 3, torment resistance, unbreathing
a: Potion Petition, Call Merchant, Bribe Branch, Renounce Religion


You were on level 6 of the Dungeon.
You worshipped Gozag.
Gozag was aware of your devotion.
You were not hungry.

You visited 1 branch of the dungeon, and saw 6 of its levels.

You collected 432 gold pieces.
You paid 54 gold pieces to Gozag.

Inventory:

Hand Weapons
 a - a +0 flail
 t - a +5 mace (weapon)
Armour
 b - a +0 scale mail
 c - a +0 shield (worn)
 d - a +0 pair of gloves (worn)
 g - a +0 cloak (worn)
 h - a +0 helmet (worn)
 k - a +3 ring mail (worn)
Jewellery
 s - a ring of see invisible (left hand)
Wands
 j - a wand of lightning (4/15)
 p - a wand of polymorph (13/24)
Scrolls
 e - a scroll of random uselessness {unknown}
 f - 2 scrolls of recharging
 i - a scroll of blinking
 l - 2 scrolls of remove curse {unknown}
 n - a scroll of enchant armour {unknown}
 o - 5 scrolls of identify
 q - 2 scrolls of fear {unknown}
 u - a scroll of immolation {unknown}


   Skills:
 + Level 4.8 Fighting
 + Level 5.0 Maces & Flails
 + Level 4.2 Armour
 + Level 2.3 Dodging
 + Level 0.6 Stealth
 + Level 4.1 Shields
 + Level 0.1 Evocations


You had 7 spell levels left.
You didn't know any spells.

Dungeon Overview and Level Annotations

Branches:
Dungeon (6/15)             Temple (0/1) D:6

Altars:
Cheibriados
Dithmenos
Elyvilon
Gozag
Kikubaaqudgha
Okawaru
Uskayaw
Xom
Zin
The Shining One

Annotations:
D:6 Grinder


Innate Abilities, Weirdness & Mutations

You do not eat or drink.
Your flesh is vulnerable to fire.
You are immune to poison.
Your flesh is cold resistant. (rC+)
You are immune to negative energy. (rN+++)
You are immune to unholy pain and torment.
You can survive without breathing.


Message History

The shadow hits you.
* * * LOW HITPOINT WARNING * * *
Grinder blinks!
The shadow barely misses you.
You can move again.
Unknown command.
You block Grinder's attack. Grinder hits you.
* * * LOW HITPOINT WARNING * * *
As you read the scroll labeled FYECHO RUODE, it crumbles to dust.
You feel aware of your surroundings.
You sensed 1 altar.
It was a scroll of magic mapping.
The shadow hits you. x2
Grinder gestures at you.
You easily resist.
As you read the scroll labeled WAFRAEPLIARU, it crumbles to dust.
It is a scroll of enchant weapon.
Your +4 mace glows red for a moment.
The shadow hits you!
* * * LOW HITPOINT WARNING * * *
The shadow hits you!
You die...
Your body crumbles into a pile of gold.

** ****#.*
#...,,,,,* 8*
#.# #..#****,*
>* #(# #..#
*,******* 8*
#.# #..#
*,,,,,,,*
***** #.# #..#
*,*****,*
,,,,*
#.###.5#####.#
*,* ,,*,*
#.##W<.......#
**,* #.#,*
#...W#....#.##
*,,* #.#,*
#.##W@.####,*
*,** #..,*
#.###.## *,*
*,* #.#**
####W# #.# *,*
*,* #.# #....#
#.#****,* *,*
#W# #.##.#
#.#*,,,,* *,*
#$# #.##.#
#.#*,**** *,*
#W# #.##.#
#..,,* *,* #W#
#.##.# ###*,*
*,* #W#
##.##)# *,*
*,*


You could see Grinder and 3 shadows.

Vanquished Creatures
  A shadow (D:6)
  A sky beast (D:5)
  A black bear (D:6)
  A centaur (D:6)
  2 ogres
  2 scorpions (D:5)
  A bullfrog zombie (D:5)
  2 bullfrog skeletons
  A hound (D:5)
  2 centaur skeletons (D:5)
  3 iguanas
  An orc wizard (D:4)
  3 worker ants
  A hound zombie (D:6)
  8 gnolls
  11 adders
  An ooze (D:2)
  6 worms
  A dart slug (D:1)
  A leopard gecko (D:3)
  15 orcs
  2 bats
  4 giant cockroaches
  3 hobgoblins
  3 jackals (D:3)
  5 kobolds
  2 quokkas
  2 frilled lizards
  2 giant cockroach zombies (D:5)
  9 goblins
  A leopard gecko skeleton (D:4)
  3 rats (D:3)
101 creatures vanquished.

Vanquished Creatures (others)
  A quokka (D:3)
1 creature vanquished.

Grand Total: 102 creatures vanquished

Notes
Turn   | Place    | Note
-------+----------+-------------------------------------------
     0 | D:1      | Manul the Mummy Fighter began the quest for the Orb.
     0 | D:1      | Reached XP level 1. HP: 18/18 MP: 1/1
   177 | D:1      | Reached XP level 2. HP: 21/24 MP: 2/2
   697 | D:2      | Reached XP level 3. HP: 22/29 MP: 3/3
   742 | D:2      | Reached skill level 2 in Maces & Flails
   806 | D:2      | Found a hide-covered altar of Uskayaw.
   838 | D:2      | Found a snail-covered altar of Cheibriados.
  1177 | D:2      | Reached XP level 4. HP: 26/35 MP: 4/4
  1438 | D:2      | Reached XP level 5. HP: 42/42 MP: 5/5
  2142 | D:3      | Found a white marble altar of Elyvilon.
  2171 | D:3      | Found a faded altar of an unknown god.
  2185 | D:3      | Became a worshipper of Dithmenos the Shadowed
  2185 | D:3      | Reached * piety under Dithmenos
  2682 | D:4      | Reached skill level 3 in Maces & Flails
  2969 | D:4      | Reached XP level 6. HP: 36/48 MP: 6/6
  3206 | D:4      | Reached skill level 1 in Dodging
  3582 | D:4      | Reached ** piety under Dithmenos
  3583 | D:4      | Found a faded altar of an unknown god.
  3583 | D:4      | Found a faded altar of an unknown god.
  3589 | D:4      | Found a shadowy altar of Dithmenos.
  3591 | D:4      | Found an ancient bone altar of Kikubaaqudgha.
  3593 | D:4      | Found an opulent altar of Gozag.
  3608 | D:4      | Fell from the grace of Dithmenos
  3608 | D:4      | Became a worshipper of Gozag Ym Sagoz the Greedy
  3649 | D:5      | Entered Level 5 of the Dungeon
  3700 | D:5      | Noticed an angel
  3713 | D:5      | Found a glowing silver altar of Zin.
  3713 | D:5      | Found a shimmering altar of Xom.
  3744 | D:5      | Noticed a sky beast
  3758 | D:5      | Killed a sky beast
  3758 | D:5      | Reached XP level 7. HP: 54/54 MP: 7/7
  3762 | D:5      | Noticed a wyvern
  3820 | D:4      | Noticed a hippogriff
  3887 | D:5      | Reached skill level 4 in Maces & Flails
  4220 | D:5      | Found a glowing golden altar of the Shining One.
  4298 | D:5      | Found an iron altar of Okawaru.
  4511 | D:6      | Reached XP level 8. HP: 52/61 MP: 8/8
  4536 | D:6      | Reached skill level 5 in Maces & Flails
  4589 | D:6      | Noticed Grinder
  4593 | D:6      | Paralysed by Grinder for 6 turns
  4604 | D:6      | HP: 2/61 [shadow[the darkness of Dithmenos] (11)]
  4604 | D:6      | Mangled by a shadow

Vault maps used:
D:1:      dpeg_arrival_shelter
D:2:      nicolae_overflow_hidden_temple
D:3:      elyvilon_altar_4, first_bread, chequers_ecumenical_altar_twisty
D:4:      chequers_temple_overflow_minitemple
D:5:      grunt_temple_overflow_order_and_chaos_1, kennysheep_little_box,
          minivault_23, tso_metal_star
D:6:      trog_ov_bears_minmay, temple_statues, minmay_mini_ossuary,
          uniq_grinder, uniq_duvessa

Skill      XL: |  1  2  3  4  5  6  7  8 |
---------------+-------------------------+-----
Maces & Flails | 2 3 4 5 |  5.0
Armour         | 3 4 |  4.2
Shields        | 3 4 |  4.1
Fighting       | 4 |  4.8
Dodging        | 1 2 |  2.3
Stealth        | |  0.6
Evocations     | |  0.1

Action                   |  1- 3 |  4- 6 |  7- 9 || total
-------------------------+-------+-------+-------++-------
Melee: Flail             |    70 |   195 |       ||   265
       Mace              |       |    37 |   135 ||   172
Invok: Potion Petition   |       |       |     1 ||     1
Evoke: Wand              |     1 |     3 |     1 ||     5
  Use: Scroll            |     3 |       |     3 ||     6
 Stab: Invisible         |       |       |     1 ||     1
Armor: Scale mail        |    16 |    12 |       ||    28
       Ring mail         |       |    98 |    65 ||   163
Dodge: Dodged            |    26 |    93 |    61 ||   180
Block: Shield            |    32 |   117 |    75 ||   224
